AoeStats
← C.C.

Nomad

509236176Analyzed
2v2 RM · 6d ago on Sep 26, 2026· 49m 14s· 4 players
Game mode
Random Map
Map size
176×176
Population
200
Speed
Normal
Resources
Standard
Victory
Conquest
Starting age
Dark Age
Ending age
Imperial Age
RankedLock teamsTeams togetherTeam positionsShared explorationLock speedFull tech treeHidden civsTurbo modeCheats
Victory
Defeat
🇨🇳 Danes · China
1303
+14
🇦🇺 Varangians · Australia
1184
+18
🇲🇽 Varangians · Mexico
1252
-16
🇲🇽 Persians · Mexico
1252
-16
Mankito77
4:59 Loom
14:24 Feudal Age
18:31 Castle Age
17:13 Gold Mining
17:26 Double-Bit Axe
17:29 Town Watch
18:55 Wheelbarrow
19:57 Horse Collar
21:24 Bloodlines
26:42 Forging
27:39 Scale Barding Armor
29:33 Iron Casting
31:59 Chain Barding Armor
33:12 Husbandry
44:49 Bow Saw
46:17 Man-at-Arms
46:43 Gambesons
46:44 Arson
46:59 Squires
47:55 Scale Mail Armor
47:24 Long Swordsman
Marldox
6:08 Loom
12:35 Feudal Age
17:11 Castle Age
19:48 Town Watch
20:49 Bloodlines
23:54 Forging
26:17 Scale Barding Armor
27:45 Horse Collar
29:14 Iron Casting
29:55 Husbandry
34:32 Chain Barding Armor
37:20 Fletching
39:34 Bodkin Arrow
48:12 Man-at-Arms
spartacusspud
9:17 Loom
15:45 Feudal Age
20:14 Castle Age
18:21 Double-Bit Axe
18:29 Stone Mining
22:37 Bow Saw
23:59 Gold Mining
28:17 Town Watch
31:09 Forging
35:44 Scale Barding Armor
C.C.
5:07 Loom
12:13 Feudal Age
14:01 Double-Bit Axe
20:03 Castle Age
18:11 Horse Collar
20:31 Fishing Lines
22:59 Bow Saw
23:55 Gillnets
30:51 Imperial Age
28:27 Scale Mail Armor
29:13 Squires
28:58 Arson
29:26 Forging
31:20 Gold Mining
33:18 Chain Mail Armor
33:15 Town Watch
34:16 Conscription
33:41 Elite Varangian Guard
36:08 Plate Mail Armor
35:47 Hamask
37:29 Iron Casting
46:32 Heavy Plow
48:13 Blast Furnace
48:21 Chemistry
Connection lost

Rejoining the realm…

Still unreachable

The connection could not be restored.

Session expired

The server has moved on; the page needs a fresh start.